 Dungeon Crawl Stone Soup version 0.21.1-1-g345015f (webtiles) character file.

35 Mirai the Skirmisher (level 3, -3/29 HPs)
             Began as a Demonspawn Fighter on Mar 11, 2018.
             Slain by Natasha (4 damage)
             ... on level 2 of the Dungeon.
             The game lasted 00:01:58 (1056 turns).

Mirai the Skirmisher (Demonspawn Fighter)           Turns: 1056, Time: 00:01:58

Health: -3/29      AC:  9    Str: 22    XL:     3   Next: 17%
Magic:  3/3        EV:  7    Int:  9    God:
Gold:   43         SH:  9    Dex: 12    Spells: 2/2 levels left

rFire    . . .     SeeInvis .   i - +0 hand axe (curse)
rCold    + . .     Gourm    .   c - +0 shield
rNeg     . . .     Faith    .   b - +0 scale mail
rPois    .         Spirit   .   n - +0 helmet
rElec    .         Reflect  .   (no cloak)
rCorr    .         Harm     .   (no gloves)
MR       .....                  (no boots)
Stlth    ..........             (no amulet)
HPRegen  0.09/turn              (no ring)
MPRegen  0.08/turn              (no ring)

@: mighty
A: rugged brown scales 1, cold resistance 1
a: no special abilities


You were on level 2 of the Dungeon.
You were hungry.

You visited 1 branch of the dungeon, and saw 2 of its levels.

You collected 43 gold pieces.

Inventory:

Hand Weapons
 a - a +0 war axe
 h - a cursed -1 mace
 i - a cursed +0 hand axe (weapon)
Armour
 b - a +0 scale mail (worn)
 c - a +0 shield (worn)
 n - a +0 helmet (worn)
Scrolls
 e - a scroll of teleportation {unknown}
 k - a scroll of blinking {unknown}
 o - a scroll of enchant armour {unknown}
 p - a scroll of immolation {unknown}
Potions
 j - a potion of haste {unknown}
 l - 2 potions of degeneration {unknown}
 m - a potion of flight {unknown}
 q - a potion of curing {unknown}
 r - a potion of heal wounds {unknown}
Comestibles
 f - 2 rations


   Skills:
 + Level 3.4 Fighting
 + Level 2.2 Axes
 + Level 3.2 Armour
 + Level 0.3 Dodging
 - Level 2.6 Shields


You had 2 spell levels left.
You didn't know any spells.

Dungeon Overview and Level Annotations

Branches:
Dungeon (2/15)

Altars:

Annotations:
D:2 Natasha


Innate Abilities, Weirdness & Mutations

You are partially covered in rugged brown scales. (AC +1, +3% HP)
Your flesh is cold resistant. (rC+)


Message History

Natasha casts a spell at you. The magic dart hits you!
The shadow imp gestures at you. Pain shoots through your body!
* * * LOW HITPOINT WARNING * * *
Natasha casts a spell at you. You resist with significant effort.
You hit Natasha but do no damage.
Natasha is heavily wounded.
You closely miss the shadow imp.
The shadow imp hits you but does no damage.
You block Natasha's attack.
Unknown command.
You feel very mighty all of a sudden. You block the shadow imp's attack.
You block Natasha's attack.
Unknown command.
You barely miss Natasha.
Natasha is heavily wounded.
You slash the shadow imp! The shadow imp barely misses you. Natasha claws you.
You die...

#....# #.. .. ## ####.#
#.# .# .. #.# #.# .# .#
### #.# #.##<##.#
##.###.# #.#..#..#
###...##.####.#.#...####
.......................+
###...##.####.......####
####.###.##.....@..##
#...>....##.#...h5.#
#.##.######.#.###..#
#.##.# # #.# .... .....#
#.# ..### #.#### #.. ..#
#.# ### #.. #.# ..# #.#


You could see Natasha and a shadow imp.

Vanquished Creatures
  An ooze (D:1)
  2 leopard geckos
  6 bats
  2 giant cockroaches (D:1)
  2 hobgoblins (D:1)
  5 jackals
  2 frilled lizards
  A goblin (D:1)
  5 kobolds
  2 rats
28 creatures vanquished.

Notes
Turn   | Place    | Note
-------+----------+-------------------------------------------
     0 | D:1      | Mirai the Demonspawn Fighter began the quest for the Orb.
     0 | D:1      | Reached XP level 1. HP: 18/18 MP: 1/1
   176 | D:1      | Gained mutation: You are partially covered in rugged brown scales. (AC +1, +3% HP) [demonic ancestry]
   176 | D:1      | Reached XP level 2. HP: 16/24 MP: 2/2
   837 | D:2      | Gained mutation: Your flesh is cold resistant. (rC+) [demonic ancestry]
   837 | D:2      | Reached XP level 3. HP: 27/29 MP: 3/3
   865 | D:2      | Found a faded altar of an unknown god.
  1040 | D:2      | Noticed Natasha
  1053 | D:2      | HP: 1/29 [shadow imp/nerve-wracking pain[Natasha] (13)]
  1056 | D:2      | Slain by Natasha

Skill      XL: |  1  2 |
---------------+-------+-----
Armour         | 3 |  3.2
Axes           | 2 |  2.2
Fighting       | |  3.4
Dodging        | |  0.3
Shields        | |  2.6

Action                   || total
-------------------------++-------
Melee: Hand axe          ||   107
       War axe           ||     7
  Use: Potion            ||     1
Armor: Scale mail        ||    80
Dodge: Dodged            ||    29
Block: Shield            ||    60
